 Dungeon Crawl Stone Soup version 0.16.2-12-gd0ad4c3 (webtiles) character file.

49 faibistes the Magician (level 3, -5/19 HPs)
             Began as a Deep Elf Wizard on Dec 30, 2017.
             Hit by a tomahawk thrown by a gnoll (8 damage)
             ... on level 2 of the Dungeon.
             The game lasted 00:03:22 (1757 turns).

faibistes the Magician (Deep Elf Wizard)            Turns: 1757, Time: 00:03:22

Health: -5/19      AC:  3    Str:  4    XL:     3   Next: 53%
Magic:  0/14       EV: 13    Int: 23    God:
Gold:   103        SH:  0    Dex: 13    Spells: 5 memorised, 1 level left

rFire  . . .     SeeInvis .     j - +0 dagger
rCold  . . .     Clarity  .     a - +0 robe
rNeg   . . .     SustAb   .     (no shield)
rPois  .         Gourm    .     b - +0 hat
rElec  .         Spirit   .     k - +0 cloak
rCorr  .         Warding  .     (no gloves)
rMut   .         Stasis   .     (no boots)
MR     .....                    (no amulet)
Stlth  ++........               (no ring)
                                (no ring)

@: very slightly contaminated, not resistant to hostile enchantments, unstealthy
A: no striking features
a: no special abilities


You were on level 2 of the Dungeon.
You were hungry.

You visited 1 branch of the dungeon, and saw 3 of its levels.

You collected 103 gold pieces.

Inventory:

Hand weapons
 j - a +0 dagger (weapon)
Armour
 a - a +0 robe (worn)
 b - a +0 hat (worn)
 k - a +0 cloak (worn)
Scrolls
 e - a scroll of enchant weapon {unknown}
 f - a scroll of blinking {unknown}
 h - 2 scrolls of remove curse {unknown}
 l - a scroll of teleportation {unknown}
Books
 c - a book of Minor Magic

   Spells                             Type                      Level
   a - Magic Dart                     Conjuration                  1
   b - Blink                          Translocation                2
   c - Call Imp                       Summoning                    2
   d - Repel Missiles                 Charms/Air                   2
   e - Slow                           Hexes                        2
   f - Conjure Flame                  Conjuration/Fire             3
   g - Mephitic Cloud                 Conjuration/Poison/Air       3
Comestibles
 d - 2 bread rations
 g - 2 chunks of flesh
 i - 4 fruits


   Skills:
 + Level 3.1 Dodging
 - Level 2.4 Stealth
 * Level 5.2 Spellcasting
 * Level 2.4 Conjurations
 - Level 1.1 Summonings
 - Level 1.1 Translocations


You had one spell level left.
You knew the following spells:

 Your Spells              Type           Power        Failure   Level  Hunger
a - Magic Dart            Conj           ###.         3%          1    None
b - Conjure Flame         Conj/Fire      ##......     17%         3    ##.....
c - Call Imp              Summ           ##......     12%         2    None
d - Blink                 Tloc           N/A          12%         2    None
e - Mephitic Cloud        Conj/Pois/Air  #.......     21%         3    ##.....


Dungeon Overview and Level Annotations

Branches:
Dungeon (3/15)

Altars:


Message History

Press: ? - help, Shift-Dir - straight line, p - gnoll You miscast Mephitic Cloud.
You are very lightly contaminated with residual magic.
Your skin glows momentarily.
The gnoll closely misses you.
Casting: Mephitic Cloud
Confirm with . or Enter, or press ? or * to list all spells.
You don't have enough magic to cast that spell.
Unknown command.
Casting: Mephitic Cloud
Confirm with . or Enter, or press ? or * to list all spells.
Aiming: Mephitic Cloud
Press: ? - help, Shift-Dir - straight line The ball explodes into a vile cloud!
The stinking cloud engulfs the gnoll.
The gnoll is moderately wounded.
You hear a bark!
The gnoll is engulfed in noxious fumes.
The gnoll appears confused.
The gnoll is engulfed in noxious fumes.
The gnoll appears confused.
The gnoll is engulfed in noxious fumes.
The gnoll throws a tomahawk.
The tomahawk hits you!
You die...

.# #.#.# .# #.#.# .# #.#.#
######.#.#######################.
.............))....g§g((.(r...rw.
....##.##########...§###.######h.
...................§.§hr....
.......####..........####.##
######## #.....@....# .#
#..........# .. ####......#####
... #.........# ... #.....##### .
#...).# #.....# ##.....# #......#


You could see 2 gnolls, a quokka and a jackal.

Vanquished Creatures
  A gnoll (D:2)
  An adder (D:2)
  A worm (D:2)
  6 bats
  A giant cockroach (D:1)
  5 goblins
  3 hobgoblins
  A jackal (D:2)
  2 kobolds (D:1)
  A quokka (D:2)
  3 giant newts
  4 rats (D:1)
29 creatures vanquished.

Vanquished Creatures (collateral kills)
  A hobgoblin (D:2)
1 creature vanquished.

Vanquished Creatures (others)
  A bat skeleton (D:3)
1 creature vanquished.

Grand Total: 31 creatures vanquished

Notes
Turn   | Place    | Note
--------------------------------------------------------------
     0 | D:1      | faibistes, the Deep Elf Wizard, began the quest for the Orb.
     0 | D:1      | Reached XP level 1. HP: 10/10 MP: 6/6
   395 | D:1      | Reached XP level 2. HP: 15/15 MP: 8/10
   419 | D:1      | Learned a level 2 spell: Blink
   422 | D:1      | Learned a level 2 spell: Call Imp
  1232 | D:2      | Reached skill level 5 in Spellcasting
  1371 | D:2      | Reached XP level 3. HP: 19/19 MP: 10/14
  1385 | D:2      | Learned a level 3 spell: Conjure Flame
  1389 | D:2      | Learned a level 3 spell: Mephitic Cloud
  1757 | D:2      | Hit by a tomahawk thrown by a gnoll

Action                   || total
-------------------------++-------
Melee: Dagger            ||     2
 Cast: Magic Dart        ||    70
       Mephitic Cloud    ||     2
       Call Imp          ||     2
       Conjure Flame     ||     1
       Blink             ||     1
  Eat: Chunk             ||     2
